 Dungeon Crawl Stone Soup version 0.23.2-1-ga50397a (webtiles) character file.

Game seed: 7311291248386372632

15663 PeMo the Spear-Bearer (level 12, -3/100 HPs)
             Began as a Minotaur Monk on Apr 21, 2019.
             Was an Elder of Hepliaklqana.
             Slain by a seven-headed hydra (8 damage)
             ... on level 11 of the Dungeon.
             The game lasted 00:56:33 (11944 turns).

PeMo the Spear-Bearer (Minotaur Monk)              Turns: 11944, Time: 00:56:34

Health: -3/100     AC:  7    Str: 19    XL:     12   Next: 3%
Magic:  15/15      EV: 21    Int:  7    God:    Hepliaklqana [****..]
Gold:   786        SH:  4    Dex: 15    Spells: 11/11 levels left

rFire    . . .     SeeInvis .   e - +5 trident (pierce)
rCold    . . .     Gourm    .   (no shield)
rNeg     . . .     Faith    .   y - +0 leather armour
rPois    .         Spirit   .   (helmet restricted)
rElec    .         Reflect  +   T - +0 cloak
rCorr    .         Harm     .   w - +1 pair of gloves
MR       .....                  (no boots)
Stlth    ++........             m - +4 amulet of reflection
HPRegen  0.26/turn              (no ring)
MPRegen  0.14/turn              E - +3 ring of evasion

@: berserk cooldown, studying Short Blades
A: retaliatory headbutt, reduced essence, horns 2
a: Recall Ancestor, Ancestor Identity, Transference, Idealise, Renounce Religion


You were on level 11 of the Dungeon.
You worshipped Hepliaklqana.
Hepliaklqana was greatly pleased with you.
You were hungry.

You visited 2 branches of the dungeon, and saw 13 of its levels.
You also visited: Ossuary.

You collected 786 gold pieces.

Inventory:

Hand Weapons
 e - a +5 trident of piercing (weapon)
 L - a +1 antimagic hand axe
 O - a +5 falchion
 Q - a +1 shortbow of freezing
 W - a +1 hunting sling of freezing
 Y - a +0 arbalest
Missiles
 p - 128 sling bullets
 C - 9 tomahawks (quivered)
Armour
 q - a cursed +0 robe
 w - a +1 pair of gloves (worn)
 y - a +0 leather armour (worn)
 M - a +3 ring mail
 T - a +0 cloak (worn)
 X - a +0 buckler
Jewellery
 m - a +4 amulet of reflection (around neck)
 u - an uncursed ring of stealth
 x - an uncursed amulet of rage
 E - a +3 ring of evasion (right hand)
 U - the ring "Hix Eziu" {+Blink +Fly rElec rN+ Str-5}
   (You found it on level 6 of the Dungeon)

   [ring of flight]

   It affects your strength (-5).
   It insulates you from electricity.
   It protects you from negative energy.
   It lets you fly.
   It lets you blink.
Wands
 s - a wand of flame (29)
 N - a wand of random effects (27)
 V - a wand of clouds (3)
Scrolls
 f - a scroll of brand weapon {unknown}
 g - 13 scrolls of identify
 i - 7 scrolls of remove curse
 k - a scroll of amnesia
 l - 4 scrolls of enchant armour
 n - 2 scrolls of enchant weapon
 r - 4 scrolls of teleportation
 D - a scroll of immolation {unknown}
 K - a scroll of fear {unknown}
 P - a scroll of random uselessness {unknown}
 R - 2 scrolls of acquirement {unknown}
Potions
 a - a potion of resistance
 h - a potion of invisibility
 j - 8 potions of curing
 o - a potion of ambrosia
 v - 3 potions of might
 z - 2 potions of magic
 F - a potion of haste {unknown}
 H - a potion of agility
 I - 5 potions of flight
 J - 5 potions of brilliance
 Z - a potion of mutation {unknown}
Books
 S - a manual of Short Blades
Comestibles
 c - 31 rations


   Skills:
 - Level 12.0 Fighting
 - Level 14.0 Polearms
 - Level 6.0 Slings
 - Level 6.0 Armour
 + Level 9.1 Dodging
 - Level 1.5 Stealth
 + Level 6.1 Invocations


You had 11 spell levels left.
You didn't know any spells.
Your spell library contained the following spells:

 Spells                   Type           Power        Failure   Level  Hunger
 Animate Skeleton         Necr           N/A          47%         1    ##.....
 Magic Dart               Conj           #...         47%         1    ##.....
 Pain                     Necr           #...         47%         1    ##.....
 Sandblast                Erth           #.....       47%         1    ##.....
 Blink                    Tloc           N/A          63%         2    ###....
 Call Imp                 Summ           #.......     63%         2    ###....
 Passwall                 Tmut/Erth      #.......     63%         2    ###....
 Slow                     Hex            #.......     63%         2    ###....
 Conjure Flame            Conj/Fire      #.......     85%         3    ####...
 Mephitic Cloud           Conj/Pois/Air  #.......     85%         3    ####...
 Regeneration             Chrm/Necr      #.........   85%         3    ####...
 Stone Arrow              Conj/Erth      #.....       85%         3    ####...
 Vampiric Draining        Necr           #.........   85%         3    ####...
 Animate Dead             Necr           N/A          99%         4    #####..
 Petrify                  Tmut/Erth      #.......     99%         4    #####..
 Lee's Rapid Deconstruct  Erth           #.........   100%        5    ######.


Dungeon Overview and Level Annotations

Branches:
Dungeon (12/15)            Temple (1/1) D:7            Lair (0/6) D:8
    Orc: D:9-12

Altars:
Ashenzari
Cheibriados
Dithmenos
Elyvilon
Fedhas
Gozag
Hepliaklqana
Kikubaaqudgha
Makhleb
Nemelex Xobeh
Okawaru
Qazlal
Ru
Sif Muna
Trog
Uskayaw
Vehumet
Wu Jian
Xom
Yredelemnul
Zin
The Shining One

Shops:
D:8 [

Annotations:
D:6 Dowan, Duvessa
D:9 2 transporters, jazmu's ghost, novice OpFE


Innate Abilities, Weirdness & Mutations

You reflexively headbutt those who attack you in melee.
You have a pair of horns on your head.
Your life essence is reduced to manifest your ancestor. (-10% HP)


Message History

The seven-headed hydra bites you!
* * * LOW HITPOINT WARNING * * *
The seven-headed hydra bites you but does no damage.
You block the seven-headed hydra's attack.
The seven-headed hydra misses you.
It was a potion of cancellation.
You feel strangely stable.
Your magical effects are unravelling.
You feel magically purged.
Your magical contamination has completely faded away.
You feel yourself speed up.
You feel a little less mighty now.
The seven-headed hydra completely misses you.
The seven-headed hydra barely misses you.
The seven-headed hydra bites you.
* * * LOW HITPOINT WARNING * * *
The seven-headed hydra barely misses you.
The seven-headed hydra misses you. The seven-headed hydra bites you.
* * * LOW HITPOINT WARNING * * *
The seven-headed hydra bites you!
You die...

#..................#.....
###.....#..........#.....
#.....#....#....##.....
#.....#....#.......#...
#..................#...
##'##...#....#......#...
##............#......#...
#.........#...#......##..
#.......@.....#......##..
#.§§§§§D.............##..
#.§§§§§..............##..
#.§§§§§........#.....##..
#.§§§§...............##..
#####.§§§§§..............####
#...D....§...................
#.###....§.§.................
#.# #.#'.....................


You could see a seven-headed hydra.

Vanquished Creatures
  Josephine (D:11)
  Harold (D:10)
  3 two-headed ogres
  Pikel (D:4)
  A manticore (D:11)
  Joseph (D:10)
  2 kobold demonologists
  Grinder (D:6)
  A shadow (D:11)
  A human (D:3)
  4 wraiths (D:11)
  A wyvern (D:11)
  14 yaks
  A hungry ghost (D:8)
  Edmund (D:6)
  2 water moccasins
  A porcupine (D:8)
  A sky beast (D:9)
  2 black bears (D:8)
  2 phantoms
  4 orc warriors
  6 ice beasts
  An eye of draining (D:8)
  6 ogres
  8 centaurs
  Blork the orc (D:5)
  3 big kobolds
  A bullfrog (D:6)
  A water moccasin zombie (D:5)
  3 scorpions
  2 wyvern skeletons
  12 killer bees
  8 wights
  An electric eel (D:9)
  6 crimson imps
  A bullfrog zombie (D:9)
  2 howler monkeys (D:8)
  A centaur zombie (D:9)
  3 centaur skeletons
  3 hounds
  A jelly (D:10)
  6 orc priests
  Crazy Yiuf (D:4)
  A bullfrog skeleton (D:10)
  6 orc wizards
  4 iguanas
  7 worker ants
  8 big kobold zombies (Ossuary)
  A hound zombie (D:7)
  A mummy (Ossuary)
  3 hound skeletons
  10 adders
  A howler monkey skeleton (D:11)
  8 gnolls
  5 shadow imps
  2 oozes
  2 adder skeletons
  A worm (D:4)
  2 dart slugs
  3 leopard geckos
  28 orcs
  3 spectral bats (Ossuary)
  13 bats
  5 giant cockroaches
  7 goblins
  11 hobgoblins
  17 jackals
  4 quokkas
  5 bat simulacra (Ossuary)
  4 frilled lizards
  4 gnoll zombies (Ossuary)
  2 goblin simulacra (Ossuary)
  2 goblin zombies (Ossuary)
  2 hobgoblin zombies (Ossuary)
  A jackal zombie (D:3)
  5 kobolds
  4 kobold simulacra (Ossuary)
  8 kobold zombies (Ossuary)
  6 orc zombies (Ossuary)
  A quokka skeleton (D:7)
  2 quokka zombies
  10 rats
  A rat simulacrum (Ossuary)
  2 spectral goblins (Ossuary)
  A spectral kobold (Ossuary)
  4 spectral rats (Ossuary)
340 creatures vanquished.

Vanquished Creatures (collateral kills)
  Prince Ribbit (D:8)
  A hippogriff (D:8)
  A yak (D:9)
  2 orc warriors
  A sky beast (D:9)
  A gnoll sergeant (D:9)
  A scorpion (D:11)
  An orc wizard (D:9)
  An orc priest (D:11)
  2 worker ants
  An orc (D:7)
  A quokka (D:7)
  A bush (D:7)
15 creatures vanquished.

Vanquished Creatures (others)
  A hound (D:4)
  8 hexers
  A fungus (D:8)
10 creatures vanquished.

Grand Total: 365 creatures vanquished

Notes
Turn   | Place    | Note
-------+----------+-------------------------------------------
     0 | D:1      | PeMo the Minotaur Monk began the quest for the Orb.
     0 | D:1      | Reached XP level 1. HP: 19/19 MP: 0/0
    75 | D:1      | Reached skill level 4 in Polearms
    84 | D:1      | Reached XP level 2. HP: 12/26 MP: 1/1
   342 | D:1      | Reached skill level 5 in Polearms
   398 | D:1      | Reached XP level 3. HP: 28/31 MP: 2/2
  1032 | D:2      | Reached skill level 6 in Polearms
  1032 | D:2      | Reached XP level 4. HP: 35/39 MP: 3/3
  1430 | D:3      | Found a runed translucent door.
  1430 | D:3      | Noticed a human
  1544 | D:3      | Found a basalt altar of Yredelemnul.
  1599 | D:3      | Killed a human
  1599 | D:3      | Reached skill level 8 in Polearms
  1599 | D:3      | Reached XP level 5. HP: 14/45 MP: 4/4
  1863 | D:3      | Reached XP level 6. HP: 41/51 MP: 5/5
  2339 | D:4      | Found a bloodstained altar of Trog.
  2421 | D:4      | Reached skill level 9 in Polearms
  2485 | D:4      | Noticed a slave
  2485 | D:4      | Noticed a slave
  2485 | D:4      | Noticed a slave
  2485 | D:4      | Noticed Pikel
  2490 | D:4      | Noticed a slave
  2520 | D:4      | Killed Pikel
  2520 | D:4      | Reached skill level 10 in Polearms
  2520 | D:4      | Reached XP level 7. HP: 32/57 MP: 6/6
  2706 | D:4      | Reached skill level 11 in Polearms
  2776 | D:4      | Found a runed translucent door.
  2777 | D:4      | Noticed Crazy Yiuf
  3215 | D:4      | Killed Crazy Yiuf
  3241 | D:5      | Entered Level 5 of the Dungeon
  3371 | D:5      | Reached XP level 8. HP: 35/64 MP: 7/7
  3404 | D:5      | Found a sand-covered staircase.
  3562 | Ossuary  | Entered an ossuary
  3727 | Ossuary  | Reached skill level 12 in Polearms
  3862 | Ossuary  | Reached skill level 1 in Armour
  4854 | D:6      | Reached skill level 5 in Fighting
  5210 | D:6      | Reached skill level 5 in Dodging
  5218 | D:6      | Noticed Blork the orc
  5226 | D:6      | Reached XP level 9. HP: 59/75 MP: 8/8
  5254 | D:5      | Killed Blork the orc
  5759 | D:6      | Got a vibrating marble ring
  5761 | D:6      | Identified the ring "Hix Eziu" {+Blink +Fly rElec rN+
                  | Str-5} (You found it on level 6 of the Dungeon)
  5798 | D:6      | Reached skill level 5 in Armour
  6036 | D:6      | Noticed Grinder
  6050 | D:6      | Killed Grinder
  6050 | D:6      | Reached skill level 1 in Slings
  6095 | D:6      | Noticed Edmund
  6129 | D:6      | Killed Edmund
  6441 | D:6      | Noticed Dowan
  6442 | D:6      | Noticed Duvessa
  6466 | D:6      | Found a shimmering altar of Xom.
  6540 | D:7      | Found a staircase to the Ecumenical Temple.
  6575 | Temple   | Entered the Ecumenical Temple
  6860 | Temple   | Became a worshipper of Hepliaklqana the Forgotten
  6860 | Temple   | Reached * piety under Hepliaklqana
  6860 | Temple   | Reached ** piety under Hepliaklqana
  6861 | Temple   | Remembered your ancestor Nenetl as a hexer
  7868 | D:8      | Reached XP level 10. HP: 73/81 MP: 9/9
  8039 | D:8      | Noticed Prince Ribbit
  8044 | D:8      | Killed Prince Ribbit
  8044 | D:8      | Reached skill level 5 in Slings
  8049 | D:8      | Found Cheibriados's Comfort Zone.
  8049 | D:8      | Found a snail-covered altar of Cheibriados.
  8179 | D:8      | Found a staircase to the Lair.
  8401 | D:9      | Reached skill level 13 in Polearms
  8444 | D:9      | Noticed a moth of wrath
  8463 | D:9      | Noticed a two-headed ogre
  8475 | D:9      | Noticed a two-headed ogre
  8524 | D:9      | Found a bloodstained altar of Trog.
  8524 | D:9      | Noticed jazmu's ghost (novice OpFE)
  8532 | D:9      | Noticed a two-headed ogre
  8567 | D:9      | Noticed a cyclops
  8715 | D:9      | Found a transporter.
  8717 | D:9      | Found a transporter.
  8932 | D:9      | Reached skill level 10 in Fighting
  9209 | D:9      | You fall through a shaft for 2 floors!
  9221 | D:11     | Reached skill level 14 in Polearms
  9254 | D:10     | Entered Level 10 of the Dungeon
  9449 | D:10     | Reached *** piety under Hepliaklqana
  9505 | D:10     | Noticed Joseph
  9525 | D:10     | Killed Joseph
  9525 | D:10     | Reached XP level 11. HP: 57/90 MP: 10/10
  9909 | D:10     | Noticed Harold
  9916 | D:10     | Killed Harold
 10145 | D:10     | Noticed a two-headed ogre
 10150 | D:10     | Killed a two-headed ogre
 10150 | D:10     | Reached skill level 1 in Invocations
 10183 | D:11     | Noticed a sun demon
 10350 | D:11     | Reached **** piety under Hepliaklqana
 10716 | D:11     | Noticed a two-headed ogre
 10727 | D:11     | Killed a two-headed ogre
 11376 | D:11     | Noticed a two-headed ogre
 11382 | D:11     | Killed a two-headed ogre
 11382 | D:11     | Reached skill level 5 in Invocations
 11621 | D:12     | Noticed Josephine
 11623 | D:12     | Noticed a seven-headed hydra
 11623 | D:12     | Noticed a deep elf mage
 11637 | D:11     | Killed Josephine
 11656 | D:11     | Reached XP level 12. HP: 94/100 MP: 15/15
 11852 | D:12     | HP: 3/100 [seven-headed hydra (15)]
 11852 | D:12     | HP: 1/100 [seven-headed hydra (2)]
 11944 | D:11     | HP: 5/100 [seven-headed hydra (5)]
 11944 | D:11     | Slain by a seven-headed hydra

Skill      XL: |  1  2  3  4  5  6  7  8  9 10 11 12 |
---------------+-------------------------------------+-----
Polearms       | 4 5 6 8 10 11 12 14 | 14.0
Armour         | 4 6 |  6.0
Fighting       | 5 8 10 12 | 12.0
Dodging        | 5 6 9 |  9.1
Slings         | 4 6 |  6.0
Invocations    | 5 6 |  6.1
Stealth        | |  1.5

Action                   |  1- 3 |  4- 6 |  7- 9 | 10-12 || total
-------------------------+-------+-------+-------+-------++-------
Melee: Spear             |   104 |   159 |   753 |       ||  1016
       Headbutt          |    15 |    12 |   138 |    59 ||   224
       Trident           |       |       |    17 |   450 ||   467
 Fire: Hunting sling     |       |       |       |     3 ||     3
Throw: Tomahawk          |       |       |     1 |     2 ||     3
Invok: Ancestor Life: He |       |       |     1 |       ||     1
       Recall Ancestor   |       |       |       |     2 ||     2
Evoke: Wand              |       |       |     1 |     5 ||     6
  Use: Potion            |       |     1 |     9 |     8 ||    18
       Scroll            |       |       |     3 |    17 ||    20
 Stab: Sleeping          |     3 |     2 |    17 |     3 ||    25
       Distracted        |     1 |     1 |     1 |     3 ||     6
       Confused          |       |       |       |     4 ||     4
  Eat: Chunk             |       |     4 |    12 |    13 ||    29
       Ration            |       |       |     2 |       ||     2
Armor: Leather armour    |    25 |     9 |    55 |    33 ||   122
       Skin              |       |       |       |    25 ||    25
Dodge: Dodged            |    57 |    47 |   196 |   201 ||   501
Block: Other             |       |       |       |    21 ||    21
       Reflection        |       |       |       |     1 ||     1
